| TOP OF THE 1ST |
|
Tri-City Dust Devils batting - Pitching for Cincinnati (NYP) Reds : LHP Andres Lobato
|
|
Pitching: LHP Andres Lobato
|
|
|
Batting: LHB Ramon Vega
|
0-0: Called Strike 0-1: Foul Ball, location: 2F 0-2: Ball 1-2: Ball 2-2: SINGLE (Groundball, 4MD, EV 101.9 MPH)
|
|
Batting: LHB Phil Lerner
|
0-0: Ball 1-0: Ball 2-0: Ball 3-0: Called Strike 3-1: Fielders Choice at 2nd, 4-6 (Groundball, 34, EV 106.9 MPH)
|
|
Batting: RHB Eric McMillian
|
0-0: Called Strike 0-1: Swinging Strike 0-2: TRIPLE (Line Drive, 8RXD, EV 98.1 MPH) Phil Lerner scores
|
|
Batting: RHB Hector Fernandez
|
0-0: Ball 1-0: Ball 2-0: Foul Ball, location: 2F 2-1: Ball 3-1: Foul Ball, location: 2F Balk! Eric McMillian scores 3-2: Ground out 4-3 (Groundball, 4M, EV 101.9 MPH)
|
|
Batting: SHB Isaiah Scates
|
0-0: Called Strike 0-1: Called Strike 0-2: Strikes out swinging
|
| Top of the 1st over - 2 runs, 2 hits, 0 errors, 0 left on base; Tri-City 2 - Cincinnati (NYP) 0 |
| BOTTOM OF THE 1ST |
|
Cincinnati (NYP) Reds batting - Pitching for Tri-City Dust Devils : RHP Nick Goodlow
|
|
Pitching: RHP Nick Goodlow
|
|
|
Batting: LHB Jason Pirkle
|
0-0: Ball 1-0: Swinging Strike 1-1: Ball 2-1: Ground out 6-3 (Groundball, 6, EV 98.8 MPH)
|
|
Batting: SHB Kristian Kristensen
|
0-0: Swinging Strike 0-1: Ball 1-1: Ground out 5-3 (Groundball, 5, EV 93.1 MPH)
|
|
Batting: RHB Randy Grewe
|
0-0: Called Strike 0-1: Ball 1-1: Foul Ball, location: 2F 1-2: Strikes out swinging
|
| Bottom of the 1st over - 0 runs, 0 hits, 0 errors, 0 left on base; Tri-City 2 - Cincinnati (NYP) 0 |
| TOP OF THE 2ND |
|
Tri-City Dust Devils batting - Pitching for Cincinnati (NYP) Reds : LHP Andres Lobato
|
|
Batting: RHB Frank Elizondo
|
0-0: Foul Ball, location: 2F 0-1: Foul Ball, location: 2F 0-2: Ball 1-2: Ball 2-2: Strikes out swinging
|
|
Batting: RHB Max Stillo
|
0-0: Swinging Strike 0-1: Foul Ball, location: 2F 0-2: Ball 1-2: Ball 2-2: Foul Ball, location: 2F 2-2: Strikes out swinging, 2-3 out at first.
|
|
Batting: RHB Shane Bruce
|
0-0: Called Strike 0-1: Fly out, F3 (Popup, 3SF, EV 70.6 MPH)
|
| Top of the 2nd over - 0 runs, 0 hits, 0 errors, 0 left on base; Tri-City 2 - Cincinnati (NYP) 0 |
| BOTTOM OF THE 2ND |
|
Cincinnati (NYP) Reds batting - Pitching for Tri-City Dust Devils : RHP Nick Goodlow
|
|
Batting: LHB Brian Dickeson
|
0-0: Ball 1-0: Called Strike 1-1: Foul Ball, location: 2F 1-2: Foul Ball, location: 2F 1-2: Strikes out swinging
|
|
Batting: SHB Tim Utz
|
0-0: Swinging Strike 0-1: Foul Ball, location: 2F 0-2: Strikes out swinging
|
|
Batting: SHB Cesar Pelayo
|
0-0: Ball 1-0: Foul Ball, location: 2F 1-1: Ball 2-1: Ball 3-1: Called Strike 3-2: Base on Balls
|
|
Batting: RHB R.J. Romberg
|
0-0: Ball 1-0: Foul Ball, location: 2F 1-1: Ground out 1-3 (Groundball, 25, EV 75.6 MPH)
|
| Bottom of the 2nd over - 0 runs, 0 hits, 0 errors, 1 left on base; Tri-City 2 - Cincinnati (NYP) 0 |
| TOP OF THE 3RD |
|
Tri-City Dust Devils batting - Pitching for Cincinnati (NYP) Reds : LHP Andres Lobato
|
|
Batting: RHB Ed Oake
|
0-0: Ball 1-0: Called Strike 1-1: Ball 2-1: Ground out U3 (Groundball, 34, EV 79.4 MPH)
|
|
Batting: LHB Ramon Vega
|
0-0: Called Strike 0-1: Called Strike 0-2: Strikes out swinging
|
|
Batting: LHB Phil Lerner
|
0-0: Foul Ball, location: 2F 0-1: Ground out 4-3 (Groundball, 4, EV 81.2 MPH)
|
| Top of the 3rd over - 0 runs, 0 hits, 0 errors, 0 left on base; Tri-City 2 - Cincinnati (NYP) 0 |
| BOTTOM OF THE 3RD |
|
Cincinnati (NYP) Reds batting - Pitching for Tri-City Dust Devils : RHP Nick Goodlow
|
|
Batting: RHB Cyd Carver
|
0-0: Ball 1-0: Called Strike 1-1: Swinging Strike 1-2: Strikes out swinging
|
|
Batting: RHB Yasusaburo Kuwahara
|
0-0: Fly out, F5 (Popup, 6S, EV 72.5 MPH)
|
|
Batting: LHB Jason Pirkle
|
0-0: Ball 1-0: Swinging Strike 1-1: Called Strike 1-2: Strikes out swinging
|
| Bottom of the 3rd over - 0 runs, 0 hits, 0 errors, 0 left on base; Tri-City 2 - Cincinnati (NYP) 0 |
| TOP OF THE 4TH |
|
Tri-City Dust Devils batting - Pitching for Cincinnati (NYP) Reds : LHP Andres Lobato
|
|
Batting: RHB Eric McMillian
|
0-0: Fly out, F9 (Flyball, 89D, EV 102.5 MPH)
|
|
Batting: RHB Hector Fernandez
|
0-0: Called Strike 0-1: Ball 1-1: Fly out, F8 (Flyball, 78M, EV 96.9 MPH)
|
|
Batting: SHB Isaiah Scates
|
0-0: Called Strike 0-1: Called Strike 0-2: Ball 1-2: Foul Ball, location: 2F 1-2: Ground out U3 (Groundball, 34S, EV 83.1 MPH)
|
| Top of the 4th over - 0 runs, 0 hits, 0 errors, 0 left on base; Tri-City 2 - Cincinnati (NYP) 0 |
| BOTTOM OF THE 4TH |
|
Cincinnati (NYP) Reds batting - Pitching for Tri-City Dust Devils : RHP Nick Goodlow
|
|
Batting: SHB Kristian Kristensen
|
0-0: Ground out U3 (Groundball, 3, EV 86.9 MPH)
|
|
Batting: RHB Randy Grewe
|
0-0: Ball 1-0: Called Strike 1-1: Swinging Strike 1-2: Ball 2-2: Strikes out swinging
|
|
Batting: LHB Brian Dickeson
|
0-0: Foul Ball, location: 2F 0-1: Ball 1-1: Ground out 3-1 (Groundball, 34S, EV 84.4 MPH)
|
| Bottom of the 4th over - 0 runs, 0 hits, 0 errors, 0 left on base; Tri-City 2 - Cincinnati (NYP) 0 |
| TOP OF THE 5TH |
|
Tri-City Dust Devils batting - Pitching for Cincinnati (NYP) Reds : LHP Andres Lobato
|
|
Batting: RHB Frank Elizondo
|
0-0: Called Strike 0-1: Called Strike 0-2: Strikes out swinging
|
|
Batting: RHB Max Stillo
|
0-0: Ball 1-0: Ball 2-0: Ball 3-0: Called Strike 3-1: Swinging Strike 3-2: Strikes out swinging
|
|
Batting: RHB Shane Bruce
|
0-0: Swinging Strike 0-1: Ball 1-1: Called Strike 1-2: Strikes out swinging
|
| Top of the 5th over - 0 runs, 0 hits, 0 errors, 0 left on base; Tri-City 2 - Cincinnati (NYP) 0 |
| BOTTOM OF THE 5TH |
|
Cincinnati (NYP) Reds batting - Pitching for Tri-City Dust Devils : RHP Nick Goodlow
|
|
Batting: SHB Tim Utz
|
0-0: Ball 1-0: Ball 2-0: TRIPLE (Flyball, 89XD, EV 96.2 MPH)
|
|
Batting: SHB Cesar Pelayo
|
0-0: Swinging Strike 0-1: Ball 1-1: Foul Ball, location: 2F 1-2: Ball 2-2: Ball 3-2: SINGLE (Groundball, 6D, EV 111.2 MPH) Tim Utz scores
|
|
Batting: RHB R.J. Romberg
|
0-0: Called Strike 0-1: Fielders Choice at 2nd, 4-6 (Groundball, 4M, EV 103.1 MPH)
|
|
Batting: RHB Cyd Carver
|
0-0: Foul Ball, location: 2F 0-1: Ball 1-1: Ball 2-1: Called Strike 2-2: Ball 3-2: Fielders Choice at 2nd, 4-6 (Groundball, 4M, EV 85.6 MPH)
|
|
Batting: RHB Yasusaburo Kuwahara
|
0-0: Ball 1-0: Called Strike 1-1: Ball 2-1: Fly out, F6 (Line Drive, 56D, EV 88.8 MPH)
|
| Bottom of the 5th over - 1 run, 2 hits, 0 errors, 1 left on base; Tri-City 2 - Cincinnati (NYP) 1 |
| TOP OF THE 6TH |
|
Tri-City Dust Devils batting - Pitching for Cincinnati (NYP) Reds : LHP Andres Lobato
|
|
Batting: RHB Ed Oake
|
0-0: Ball 1-0: Swinging Strike 1-1: Swinging Strike 1-2: Strikes out swinging
|
|
Batting: LHB Ramon Vega
|
0-0: Swinging Strike 0-1: Ball 1-1: Foul Ball, location: 2F 1-2: Strikes out swinging
|
|
Batting: LHB Phil Lerner
|
0-0: Called Strike 0-1: Swinging Strike 0-2: Ball 1-2: Foul Ball, location: 2F 1-2: Foul Ball, location: 2F 1-2: Strikes out swinging
|
| Top of the 6th over - 0 runs, 0 hits, 0 errors, 0 left on base; Tri-City 2 - Cincinnati (NYP) 1 |
| BOTTOM OF THE 6TH |
|
Cincinnati (NYP) Reds batting - Pitching for Tri-City Dust Devils : RHP Nick Goodlow
|
|
Batting: LHB Jason Pirkle
|
0-0: Ball 1-0: SINGLE (Flyball, 8RS, EV 94.4 MPH)
|
|
Batting: SHB Kristian Kristensen
|
0-0: Ball 1-0: Grounds into double play, 4-6-3 (Groundball, 4, EV 91.9 MPH)
|
|
Batting: RHB Randy Grewe
|
0-0: Ball 1-0: Called Strike 1-1: Ball 2-1: Foul Ball, location: 2F 2-2: SINGLE (Groundball, 3L, EV 95.0 MPH) (infield hit)
|
|
Batting: LHB Brian Dickeson
|
0-0: Called Strike Randy Grewe is caught stealing 2nd base 2-6
|
| Bottom of the 6th over - 0 runs, 2 hits, 0 errors, 0 left on base; Tri-City 2 - Cincinnati (NYP) 1 |
| TOP OF THE 7TH |
|
Tri-City Dust Devils batting - Pitching for Cincinnati (NYP) Reds : LHP Andres Lobato
|
|
Batting: RHB Eric McMillian
|
0-0: Ball 1-0: Ball 2-0: Called Strike 2-1: Ball 3-1: Foul Ball, location: 2F 3-2: Base on Balls
|
|
Pitching: RHP Chris Miles
|
|
|
Batting: RHB Hector Fernandez
|
0-0: Fly out, F8 (Flyball, 8LXD, EV 108.8 MPH)
|
|
Batting: SHB Isaiah Scates
|
0-0: Ball 1-0: Ball 2-0: Swinging Strike 2-1: Foul Ball, location: 2F 2-2: Ball 3-2: Strikes out swinging
|
|
Batting: RHB Frank Elizondo
|
Balk! Eric McMillian to second 0-0: Ball 1-0: Ball 2-0: Called Strike 2-1: Foul Ball, location: 2F 2-2: Foul Ball, location: 2F 2-2: Strikes out swinging
|
| Top of the 7th over - 0 runs, 0 hits, 0 errors, 1 left on base; Tri-City 2 - Cincinnati (NYP) 1 |
| BOTTOM OF THE 7TH |
|
Cincinnati (NYP) Reds batting - Pitching for Tri-City Dust Devils : RHP Nick Goodlow
|
|
Batting: LHB Brian Dickeson
|
0-0: Fly out, F4 (Flyball, 4D, EV 97.5 MPH)
|
|
Batting: SHB Tim Utz
|
0-0: SINGLE (Line Drive, 9LM, EV 101.9 MPH)
|
|
Batting: SHB Cesar Pelayo
|
0-0: Ball 1-0: Ball 2-0: DOUBLE (Flyball, 89D, EV 101.9 MPH) Tim Utz to third
|
|
Pinch Hitting: LHB Matthew Berry
|
0-0: Ball 1-0: Ball 2-0: Ball 3-0: Called Strike 3-1: Foul Ball, location: 2F 3-2: Ground out 4-3 (Groundball, 4, EV 82.5 MPH) Tim Utz scores Cesar Pelayo to third
|
|
Pitching: RHP Gilberto Ricalde
|
|
|
Pinch Hitting: SHB Rich Ranaldi
|
0-0: DOUBLE (Flyball, 89D, EV 98.8 MPH) Cesar Pelayo scores
|
|
Batting: RHB Yasusaburo Kuwahara
|
0-0: Ball 1-0: Foul Ball, location: 2F 1-1: Ball Passed Ball! Rich Ranaldi to third 2-1: Swinging Strike 2-2: Strikes out looking
|
| Bottom of the 7th over - 2 runs, 3 hits, 0 errors, 1 left on base; Tri-City 2 - Cincinnati (NYP) 3 |
| TOP OF THE 8TH |
|
Tri-City Dust Devils batting - Pitching for Cincinnati (NYP) Reds : RHP Chris Miles
|
|
Now at 3B: Akira Yamano
|
|
|
Now in LF: Tony Diaz
|
|
|
Batting: RHB Max Stillo
|
0-0: Ball 1-0: Foul Ball, location: 2F 1-1: Ball 2-1: Ball 3-1: Base on Balls
|
|
Batting: RHB Shane Bruce
|
0-0: Ball 1-0: Swinging Strike 1-1: Ball 2-1: Fly out, F8 (Flyball, 89M, EV 87.5 MPH)
|
|
Pitching: RHP Javier Perez
|
|
|
Pinch Hitting: RHB Mike MacLeod
|
0-0: Called Strike 0-1: Called Strike 0-2: Ball 1-2: Strikes out swinging
|
|
Batting: LHB Ramon Vega
|
0-0: Swinging Strike 0-1: Foul Ball, location: 2F 0-2: Foul Ball, location: 2F 0-2: Strikes out looking
|
| Top of the 8th over - 0 runs, 0 hits, 0 errors, 1 left on base; Tri-City 2 - Cincinnati (NYP) 3 |
| BOTTOM OF THE 8TH |
|
Cincinnati (NYP) Reds batting - Pitching for Tri-City Dust Devils : RHP Gilberto Ricalde
|
|
Now at 3B: Mike MacLeod
|
|
|
Batting: LHB Jason Pirkle
|
0-0: Ground out 4-3 (Groundball, 4M, EV 105.0 MPH)
|
|
Batting: SHB Kristian Kristensen
|
0-0: Called Strike 0-1: SOLO HOME RUN (Line Drive, 9D, EV 106.2 MPH), Distance : 396 ft
|
|
Batting: RHB Randy Grewe
|
0-0: Foul Ball, location: 2F 0-1: Swinging Strike 0-2: Fly out, F7 (Flyball, 78M, EV 95.0 MPH)
|
|
Batting: LHB Brian Dickeson
|
0-0: Called Strike 0-1: Ball 1-1: Swinging Strike 1-2: Ball 2-2: Ball 3-2: Strikes out swinging
|
| Bottom of the 8th over - 1 run, 1 hit, 0 errors, 0 left on base; Tri-City 2 - Cincinnati (NYP) 4 |
| TOP OF THE 9TH |
|
Tri-City Dust Devils batting - Pitching for Cincinnati (NYP) Reds : RHP Javier Perez
|
|
Now at 1B: Ben Hinman
|
|
|
Batting: LHB Phil Lerner
|
0-0: Called Strike 0-1: Foul Ball, location: 2F 0-2: Ball 1-2: Ball 2-2: Ground out 5-3 (Groundball, 5, EV 81.2 MPH)
|
|
Batting: RHB Eric McMillian
|
0-0: Called Strike 0-1: DOUBLE (Flyball, 8RXD, EV 95.6 MPH)
|
|
Batting: RHB Hector Fernandez
|
0-0: Called Strike 0-1: Foul Ball, location: 2F 0-2: Foul Ball, location: 2F 0-2: Ball 1-2: Foul Ball, location: 2F 1-2: Ball 2-2: Ball 3-2: Foul Ball, location: 2F 3-2: Strikes out swinging
|
|
Batting: SHB Isaiah Scates
|
0-0: Ball 1-0: Called Strike 1-1: Called Strike 1-2: Ball 2-2: Strikes out swinging
|
| Top of the 9th over - 0 runs, 1 hit, 0 errors, 1 left on base; Tri-City 2 - Cincinnati (NYP) 4 |
|